[ AOE2 MATCH · #507377982 ]
UnrankedVikings vs Berbers
Player's team · LOSS
Rival team · WIN
[ REPLAY ANALYSIS · EXTRACTED FROM THE RECORDED GAME ]
Feudal
9:58
Castle
24:18
Imperial
36:13
| APM avg | 66.2 |
| APM peak | 104 |
| eAPM avg | 26.2 |
| Villagers / military | 114 / 60 |
Focus
⚔️ 33.8% · 🌾 66.2%
Berserk ×17 · Archer ×16 · Knight ×14 · Fishing Ship ×12 · Skirmisher ×5 · Militia ×4
Feudal
9:16
Castle
21:19
Imperial
37:36
| APM avg | 54.7 |
| APM peak | 82 |
| eAPM avg | 22.2 |
| Villagers / military | 144 / 60 |
Focus
⚔️ 38.7% · 🌾 61.3%
Camel Archer ×24 · Fishing Ship ×19 · Archer ×15 · Skirmisher ×12 · Genitour ×7 · Unknown (2626) ×7
Match map
Initial resources + every placement click. Lines = walls · curves = elevation contours. ◆ gold · ⬟ stone · ● berries · ✦ relic · ◌ wall gap
Your base· ✓ Closed at 24:18 · 40t walls · 1 gate(s)
DK | Mauseren's base· Open — unwalled flank
Smoothed initial terrain · ◌ = detected wall gap · hover for details
Inputs per minute
— Young Carter - - DK | Mauseren
Build order — Young Carter
First 150 of 303 actions detected
| 0:00 | Create | Villager (Male) |
| 0:01 | Create | Villager (Male) |
| 0:01 | Create | Villager (Male) |
| 0:02 | Build | House |
| 0:03 | Build | House |
| 0:18 | Create | Villager (Male) |
| 1:34 | Create | Villager (Male) |
| 1:44 | Build | House |
| 1:56 | Build | Lumber Camp |
| 2:10 | Create | Villager (Male) |
| 2:10 | Create | Villager (Male) |
| 2:11 | Create | Villager (Male) |
| 2:44 | Create | Villager (Male) |
| 3:18 | Create | Villager (Male) |
| 3:18 | Create | Villager (Male) |
| 3:47 | Create | Villager (Male) |
| 3:59 | Build | Dock |
| 4:04 | Build | Palisade Wall |
| 4:05 | Build | Palisade Wall |
| 4:13 | Create | Villager (Male) |
| 4:34 | Create | Villager (Male) |
| 4:42 | Create | Fishing Ship |
| 4:50 | Create | Villager (Male) |
| 5:13 | Create | Villager (Male) |
| 5:14 | Create | Fishing Ship |
| 5:14 | Create | Fishing Ship |
| 5:26 | Build | House |
| 5:29 | Build | House |
| 5:47 | Create | Villager (Male) |
| 5:47 | Create | Villager (Male) |
| 6:00 | Build | House |
| 6:05 | Create | Fishing Ship |
| 6:11 | Create | Villager (Male) |
| 6:36 | Create | Fishing Ship |
| 7:04 | Research | Loom |
| 7:41 | Build | Barracks |
| 7:48 | Research | Feudal Age |
| 8:14 | Build | House |
| 8:21 | Create | Fishing Ship |
| 8:22 | Create | Militia |
| 8:29 | Create | Militia |
| 8:54 | Build | Mining Camp |
| 9:18 | Create | Militia |
| 9:22 | Create | Fishing Ship |
| 9:55 | Create | Villager (Male) |
| 9:58 | Age | Feudal Age |
| 10:01 | Build | Archery Range |
| 10:04 | Research | Man-at-Arms (upgrade) |
| 10:09 | Research | Double-Bit Axe |
| 10:17 | Create | Fishing Ship |
| 10:45 | Create | Archer |
| 10:49 | Build | Watch Tower |
| 10:53 | Create | Villager (Male) |
| 10:54 | Create | Villager (Male) |
| 10:59 | Create | Militia |
| 11:38 | Create | Villager (Male) |
| 11:39 | Create | Villager (Male) |
| 11:40 | Create | Archer |
| 11:43 | Build | House |
| 11:48 | Create | Villager (Male) |
| 11:54 | Build | Dock |
| 12:01 | Create | Villager (Male) |
| 12:02 | Build | Blacksmith |
| 12:27 | Create | Archer |
| 12:32 | Create | Villager (Male) |
| 12:34 | Build | Mining Camp |
| 12:55 | Create | Archer |
| 13:00 | Create | Villager (Male) |
| 13:13 | Create | Fishing Ship |
| 13:15 | Build | House |
| 13:36 | Research | Fletching |
| 13:51 | Create | Archer |
| 14:00 | Create | Villager (Male) |
| 14:04 | Build | Archery Range |
| 14:09 | Create | Villager (Male) |
| 14:14 | Build | House |
| 14:15 | Build | Palisade Wall |
| 14:16 | Build | Palisade Wall |
| 14:19 | Build | Palisade Gate |
| 14:25 | Create | Archer |
| 14:53 | Create | Villager (Male) |
| 14:54 | Create | Archer |
| 14:55 | Build | House |
| 14:58 | Build | Palisade Wall |
| 15:01 | Build | Palisade Wall |
| 15:05 | Build | Palisade Wall |
| 15:06 | Build | Palisade Wall |
| 15:08 | Create | Villager (Male) |
| 15:11 | Build | House |
| 15:14 | Create | Archer |
| 15:17 | Build | House |
| 15:19 | Build | House |
| 15:40 | Create | Archer |
| 15:41 | Create | Archer |
| 15:43 | Research | Padded Archer Armor |
| 15:58 | Create | Villager (Male) |
| 15:58 | Create | Villager (Male) |
| 16:04 | Create | Archer |
| 16:30 | Create | Villager (Male) |
| 16:31 | Create | Villager (Male) |
| 16:35 | Build | House |
| 16:39 | Create | Villager (Male) |
| 16:49 | Create | Archer |
| 16:49 | Create | Archer |
| 17:00 | Create | Villager (Male) |
| 17:14 | Create | Villager (Male) |
| 17:14 | Create | Villager (Male) |
| 17:18 | Build | Mill |
| 17:25 | Build | House |
| 17:38 | Create | Villager (Male) |
| 18:03 | Build | Farm |
| 18:04 | Build | Farm |
| 18:06 | Create | Fishing Ship |
| 18:07 | Create | Fishing Ship |
| 18:26 | Create | Villager (Male) |
| 18:29 | Build | Lumber Camp |
| 18:59 | Build | Watch Tower |
| 19:06 | Create | Villager (Male) |
| 19:08 | Create | Fishing Ship |
| 19:12 | Build | House |
| 19:16 | Build | Palisade Wall |
| 19:26 | Build | House |
| 19:33 | Build | Farm |
| 19:34 | Create | Villager (Male) |
| 19:42 | Create | Skirmisher |
| 19:43 | Create | Skirmisher |
| 19:43 | Create | Skirmisher |
| 20:03 | Build | Watch Tower |
| 20:07 | Build | Watch Tower |
| 20:10 | Create | Villager (Male) |
| 20:51 | Create | Villager (Male) |
| 20:57 | Create | Archer |
| 20:57 | Create | Archer |
| 21:18 | Create | Villager (Male) |
| 21:20 | Build | Watch Tower |
| 21:22 | Create | Archer |
| 21:38 | Research | Castle Age |
| 21:38 | Research | Castle Age |
| 22:01 | Create | Villager (Male) |
| 22:08 | Build | Stable |
| 22:31 | Build | Watch Tower |
| 22:39 | Build | Watch Tower |
| 22:39 | Create | Villager (Male) |
| 22:40 | Create | Villager (Male) |
| 22:41 | Build | Watch Tower |
| 22:49 | Research | Scale Barding Armor |
| 22:51 | Research | Forging |
| 22:52 | Create | Villager (Male) |
| 23:04 | Create | Villager (Male) |
| 23:10 | Build | House |
Build order — DK | Mauseren
First 150 of 354 actions detected
| 0:00 | Create | Villager (Male) |
| 0:00 | Create | Villager (Male) |
| 0:01 | Create | Villager (Male) |
| 0:02 | Build | House |
| 0:03 | Build | House |
| 0:06 | Create | Villager (Male) |
| 1:25 | Create | Villager (Male) |
| 1:50 | Build | Lumber Camp |
| 1:58 | Create | Villager (Male) |
| 2:16 | Create | Villager (Male) |
| 2:51 | Create | Villager (Male) |
| 3:10 | Create | Villager (Male) |
| 3:43 | Create | Villager (Male) |
| 3:53 | Build | House |
| 4:04 | Create | Villager (Male) |
| 4:07 | Build | Dock |
| 4:22 | Create | Villager (Male) |
| 4:50 | Create | Fishing Ship |
| 4:51 | Create | Villager (Male) |
| 5:26 | Create | Villager (Male) |
| 5:34 | Create | Fishing Ship |
| 5:39 | Build | House |
| 5:46 | Research | Loom |
| 6:11 | Create | Villager (Male) |
| 6:40 | Create | Villager (Male) |
| 6:43 | Create | Fishing Ship |
| 6:50 | Build | House |
| 7:04 | Research | Feudal Age |
| 7:53 | Build | House |
| 8:17 | Build | Barracks |
| 9:04 | Create | Villager (Male) |
| 9:11 | Build | Mining Camp |
| 9:16 | Age | Feudal Age |
| 9:17 | Build | Archery Range |
| 9:20 | Research | Double-Bit Axe |
| 9:26 | Create | Villager (Male) |
| 9:42 | Create | Villager (Male) |
| 9:48 | Create | Villager (Male) |
| 10:00 | Create | Archer |
| 10:08 | Create | Fishing Ship |
| 10:10 | Create | Villager (Male) |
| 10:22 | Build | Blacksmith |
| 10:23 | Build | House |
| 10:25 | Build | Palisade Wall |
| 10:50 | Create | Villager (Male) |
| 10:51 | Create | Archer |
| 11:12 | Build | Watch Tower |
| 11:31 | Create | Archer |
| 11:31 | Create | Villager (Male) |
| 11:40 | Create | Villager (Male) |
| 11:49 | Create | Fishing Ship |
| 11:54 | Create | Villager (Male) |
| 11:56 | Create | Villager (Male) |
| 12:06 | Create | Archer |
| 12:10 | Create | Fishing Ship |
| 12:47 | Create | Villager (Male) |
| 12:52 | Create | Villager (Male) |
| 12:53 | Create | Villager (Male) |
| 12:57 | Build | Mining Camp |
| 12:58 | Create | Archer |
| 13:08 | Build | House |
| 13:13 | Create | Archer |
| 13:23 | Create | Fishing Ship |
| 13:34 | Research | Fletching |
| 13:51 | Create | Villager (Male) |
| 13:54 | Build | Dock |
| 13:59 | Create | Villager (Male) |
| 14:06 | Create | Archer |
| 14:09 | Create | Villager (Male) |
| 14:10 | Create | Villager (Male) |
| 14:13 | Create | Villager (Male) |
| 14:30 | Build | Mill |
| 14:33 | Create | Fishing Ship |
| 14:34 | Create | Fishing Ship |
| 14:35 | Build | House |
| 14:36 | Build | House |
| 14:44 | Create | Villager (Male) |
| 14:55 | Build | Lumber Camp |
| 15:00 | Create | Villager (Male) |
| 15:08 | Create | Villager (Male) |
| 15:23 | Create | Archer |
| 15:26 | Build | Palisade Wall |
| 15:32 | Build | Palisade Wall |
| 15:34 | Build | Palisade Wall |
| 15:41 | Create | Villager (Male) |
| 15:47 | Create | Villager (Male) |
| 15:48 | Create | Archer |
| 15:51 | Create | Villager (Male) |
| 15:59 | Create | Archer |
| 16:11 | Create | Villager (Male) |
| 16:15 | Create | Archer |
| 16:17 | Create | Archer |
| 16:25 | Create | Villager (Male) |
| 16:31 | Build | Palisade Wall |
| 16:32 | Build | Palisade Wall |
| 16:36 | Build | Palisade Wall |
| 16:37 | Build | Palisade Wall |
| 17:00 | Create | Villager (Male) |
| 17:01 | Create | Archer |
| 17:05 | Create | Villager (Male) |
| 17:05 | Create | Archer |
| 17:07 | Build | Farm |
| 17:07 | Create | Villager (Male) |
| 17:17 | Create | Villager (Male) |
| 17:39 | Create | Fishing Ship |
| 17:51 | Build | House |
| 17:52 | Build | House |
| 17:53 | Build | House |
| 17:54 | Build | House |
| 17:56 | Build | Palisade Wall |
| 17:58 | Build | Palisade Wall |
| 18:29 | Research | Castle Age |
| 18:45 | Create | Villager (Male) |
| 18:45 | Create | Archer |
| 18:51 | Create | Fishing Ship |
| 18:59 | Create | Skirmisher |
| 19:01 | Build | Archery Range |
| 19:14 | Research | Padded Archer Armor |
| 19:16 | Create | Fishing Ship |
| 19:20 | Create | Villager (Male) |
| 19:34 | Create | Villager (Male) |
| 19:46 | Create | Villager (Male) |
| 19:50 | Create | Fishing Ship |
| 19:54 | Create | Skirmisher |
| 19:54 | Create | Skirmisher |
| 19:59 | Create | Villager (Male) |
| 20:09 | Create | Skirmisher |
| 20:34 | Create | Villager (Male) |
| 20:36 | Build | Gate |
| 20:38 | Build | House |
| 20:45 | Build | House |
| 20:47 | Build | Palisade Wall |
| 20:51 | Build | House |
| 20:55 | Create | Skirmisher |
| 20:58 | Create | Skirmisher |
| 20:58 | Create | Skirmisher |
| 21:11 | Create | Skirmisher |
| 21:11 | Create | Skirmisher |
| 21:19 | Age | Castle Age |
| 21:22 | Research | Bodkin Arrow |
| 21:22 | Research | Bodkin Arrow |
| 21:28 | Research | War Galley (upgrade) |
| 21:30 | Build | Dock |
| 21:40 | Create | Genitour |
| 21:40 | Create | Genitour |
| 22:00 | Create | Unit 2626 |
| 22:00 | Create | Villager (Male) |
| 22:05 | Build | Town Center |
| 22:11 | Create | Unit 2626 |
| 22:11 | Create | Unit 2626 |
Match timeline
| 3:59 | Young Carter · first_building Dock |
| 4:04 | Young Carter · wall_segment Palisade Wall x1 |
| 4:05 | Young Carter · wall_segment Palisade Wall x1 |
| 4:07 | DK | Mauseren · first_building Dock |
| 7:41 | Young Carter · first_building Barracks |
| 8:17 | DK | Mauseren · first_building Barracks |
| 9:16 | DK | Mauseren · age_up feudal |
| 9:17 | DK | Mauseren · first_building Archery Range |
| 9:58 | Young Carter · age_up feudal |
| 10:01 | Young Carter · first_building Archery Range |
| 10:25 | DK | Mauseren · wall_segment Palisade Wall x10 |
| 14:15 | Young Carter · wall_segment Palisade Wall x4 |
| 14:16 | Young Carter · wall_segment Palisade Wall x2 |
| 14:58 | Young Carter · wall_segment Palisade Wall x10 |
| 15:01 | Young Carter · wall_segment Palisade Wall x6 |
| 15:05 | Young Carter · wall_segment Palisade Wall x1 |
| 15:06 | Young Carter · wall_segment Palisade Wall x2 |
| 15:26 | DK | Mauseren · wall_segment Palisade Wall x1 |
| 15:32 | DK | Mauseren · wall_segment Palisade Wall x1 |
| 15:34 | DK | Mauseren · wall_segment Palisade Wall x1 |
| 16:31 | DK | Mauseren · wall_segment Palisade Wall x1 |
| 16:32 | DK | Mauseren · wall_segment Palisade Wall x1 |
| 16:36 | DK | Mauseren · wall_segment Palisade Wall x1 |
| 16:37 | DK | Mauseren · wall_segment Palisade Wall x1 |
| 17:56 | DK | Mauseren · wall_segment Palisade Wall x1 |
| 17:58 | DK | Mauseren · wall_segment Palisade Wall x1 |
| 19:16 | Young Carter · wall_segment Palisade Wall x13 |
| 20:47 | DK | Mauseren · wall_segment Palisade Wall x1 |
| 21:19 | DK | Mauseren · age_up castle |
| 22:08 | Young Carter · first_building Stable |
| 24:18 | Young Carter · age_up castle |
| 24:34 | DK | Mauseren · first_building Stable |
| 25:06 | Young Carter · first_building Siege Workshop |
| 26:25 | Young Carter · first_building Monastery |
| 27:12 | DK | Mauseren · wall_segment Palisade Wall x1 |
| 27:40 | Young Carter · first_building Castle |
| 28:57 | DK | Mauseren · first_market_buy 100 stone |
| 29:07 | DK | Mauseren · first_building Castle |
| 29:14 | DK | Mauseren · wall_segment Palisade Wall x1 |
| 29:15 | DK | Mauseren · wall_segment Palisade Wall x1 |
| 33:55 | DK | Mauseren · first_building Siege Workshop |
| 35:10 | Young Carter · wall_segment Palisade Wall x1 |
| 36:13 | Young Carter · age_up imperial |
| 37:36 | DK | Mauseren · age_up imperial |
| 38:06 | Young Carter · resign |
[ AI ANALYSIS · 1 CREDIT ]
What really happened in this match?
Wolo.gg analyzes every decision: build order, eco, micro, common mistakes by bracket. Personalized analysis on WhatsApp or Discord in 30 seconds.
Civ guide
Vikings
Perfil
Young Carter